 Dungeon Crawl Stone Soup version 0.28-a0-313-gbc0475efdd (webtiles) character file.

Game seed: 9267428346721069340

100 Demosthentine the Poker (level 4, -1/35 HPs)
             Began as a Merfolk Gladiator on Sept 1, 2021.
             Killed from afar by an orc wizard (6 damage)
             ... with a puff of flame
             ... on level 4 of the Dungeon.
             The game lasted 00:03:42 (3144 turns).

Demosthentine the Poker (Merfolk Gladiator)         Turns: 3144, Time: 00:03:43

Health: -1/35      AC:  5    Str: 15    XL:     4   Next: 74%
Magic:  4/4        EV: 13    Int:  7    God:
Gold:   156        SH:  0    Dex: 15    Spells: 3/3 levels left

rFire   . . .      SeeInvis .   a - +0 trident
rCold   . . .      Faith    .   (no shield)
rNeg    . . .      Spirit   .   b - +0 leather armour
rPois   .          Reflect  .   c - +0 helmet
rElec   .          Harm     .   e - +0 cloak
rCorr   .          Rampage  .   (no gloves)
Will    .....                   (no boots)
Stlth   +.........              (no amulet)
HPRegen 0.11/turn               (no ring)
MPRegen 0.09/turn               (no ring)

@: confused
A: (nimble swimmer 2), mertail
a: no special abilities


You were on level 4 of the Dungeon.
You visited 1 branch of the dungeon, and saw 4 of its levels.

You collected 156 gold pieces.

Inventory:

Hand Weapons
 a - a +0 trident (weapon)
Missiles
 d - a throwing net (quivered)
Armour
 b - a +0 leather armour (worn)
 c - a +0 helmet (worn)
 e - a +0 cloak (worn)
Jewellery
 i - a ring of see invisible
Scrolls
 j - a scroll of vulnerability {unknown}
Potions
 f - a potion of magic
 g - a potion of attraction


   Skills:
 + Level 3.2 Fighting
 + Level 5.4 Polearms
 - Level 2.0 Throwing
 + Level 1.3 Armour
 + Level 4.9 Dodging


You had 3 spell levels left.
You didn't know any spells.
Your spell library was empty.

Dungeon Overview and Level Annotations

Branches:
Dungeon (4/15)
 Temple: D:4-7

Altars:
Ashenzari


Innate Abilities, Weirdness & Mutations

((You are quick and stealthy near water. (Stealth+, EV+, Speed+++)))
Your lower body shifts to a powerful aquatic tail in water.


Message History

You feel better.
The orc hits you with a +1 dagger of holy wrath.
* * * LOW HITPOINT WARNING * * *
Something hits you.
* * * LOW HITPOINT WARNING * * *
Unknown command.
You hit the orc.
The orc is moderately wounded.
The orc hits you but does no damage. Something barely misses you.
You hit the orc.
The orc is severely wounded.
The orc hits you but does no damage.
You hear some strange, mumbled words.
You are confused.
Unknown command.
You're too confused to move!
The orc barely misses you. Something hits you but does no damage.
Unknown command.
You hit the orc but do no damage.
The orc is severely wounded.
The orc hits you but does no damage.
You hear some strange, mumbled words.
A puff of flame appears from out of thin air!
The puff of flame hits you.
* * * LOW HITPOINT WARNING * * *
You puncture the orc!
You kill the orc!
You hear some strange, mumbled words.
You are more confused.
Things that are here:
a +1 dagger of holy wrath; a +0 ring mail; an orc corpse Unknown command.
Unknown command.
You bump into the rock wall.
Something barely misses you.
Unknown command.
You closely miss something.
You hear some strange, mumbled words.
A puff of flame appears from out of thin air!
The puff of flame hits you.
You die...

### ####..
#####.........
#...#.........
#...#.........
#...#.........
#####...#.........
#..)....#.........
#@{####'#.........
#).#..............
#..#............##
#...#.....#####+##
#...#.....#
#...+.....#
#...#.....#
##..#......
#..#......


There were no monsters in sight!

Vanquished Creatures
  A jelly (D:3)
  2 adders
  A worm (D:3)
  A dart slug (D:2)
  3 orcs (D:4)
  3 ball pythons
  3 bats (D:3)
  2 endoplasms (D:1)
  5 giant cockroaches
  5 goblins
  3 hobgoblins
  2 jackals (D:1)
  6 kobolds
  3 rats (D:2)
  A spectral goblin (D:1)
41 creatures vanquished.

Notes
Turn   | Place    | Note
-------+----------+-------------------------------------------
     0 | D:1      | Demosthentine the Merfolk Gladiator began the quest for the
                  | Orb.
     0 | D:1      | Reached XP level 1. HP: 16/16 MP: 1/1
   241 | D:1      | Found a faded altar of an unknown god.
   377 | D:1      | Reached XP level 2. HP: 17/23 MP: 2/2
  1443 | D:2      | Reached XP level 3. HP: 28/28 MP: 3/3
  1562 | D:2      | Reached skill level 5 in Polearms
  1650 | D:2      | Found a broken altar of Ashenzari.
  1915 | D:3      | Reached skill level 1 in Armour
  1935 | D:3      | Reached XP level 4. HP: 18/35 MP: 4/4
  3144 | D:4      | Killed from afar by an orc wizard

Illustrated notes

Levels and vault maps discovered:
D:1:      heliophobic_arrival_ceremonial_halls, layout_loops_corners,
          dreamdust_ecumenical_altar_drowned_temple
D:2:      layout_rooms, basic_altar
D:3:      layout_loops_corners
D:4:      layout_gridville, mainiacjoe_overflow_catwalk, uniq_menkaure

Skill      XL: |  1  2  3 |
---------------+----------+-----
Polearms       | 5 |  5.4
Armour         | 1 |  1.3
Fighting       | 3 |  3.2
Throwing       | |  2.0
Dodging        | |  4.9

Action                   |  1- 3 |  4- 6 || total
-------------------------+-------+-------++-------
Melee: Trident           |   103 |    42 ||   145
       Tailslap          |     1 |       ||     1
Throw: Throwing net      |     1 |     1 ||     2
  Use: Scroll            |     4 |     2 ||     6
       Potion            |     1 |     1 ||     2
 Stab: Sleeping          |     3 |       ||     3
Armor: Leather armour    |    16 |    13 ||    29
Dodge: Dodged            |    44 |    30 ||    74

Table legend: (Time is in decaauts)
 A = Elapsed time spent in this place.
 B = Non-inter-level travel time spent in this place.
 C = Inter-level travel time spent in this place.
 D = Time resting spent in this place.
 E = Time spent auto-exploring this place.
 F = Levels seen in this place.
 G = Mean time per level.
                   A        B        C        D        E       F      G
               +--------+--------+--------+--------+--------+-----+--------+
         Total |   3144 |   2966 |    178 |      0 |   2637 |   4 |  786.0 |
       Dungeon |   3144 |   2966 |    178 |      0 |   2637 |   4 |  786.0 |
               +--------+--------+--------+--------+--------+-----+--------+

Top non-repeatable levels by time:
     D:1: 1373 daAuts
     D:3: 1153 daAuts
     D:2: 359 daAuts
     D:4: 258 daAuts
